 Dungeon Crawl Stone Soup version 0.20-a0-1121-gbb42413 (webtiles) character file.

1141 4thArraOfDagon the Sneak (level 8, -2/39 HPs)
             Began as a Spriggan Fire Elementalist on May 10, 2017.
             Was a Follower of Ashenzari.
             Slain by a troll (13 damage)
             ... on level 7 of the Dungeon.
             The game lasted 00:09:36 (1538 turns).

4thArraOfDagon the Sneak (SpFE)                     Turns: 1538, Time: 00:09:36

Health: -2/39      AC:  2    Str:  4    XL:     8   Next: 14%
Magic:  13/13      EV: 22    Int: 18    God:    Ashenzari [*.....]
Gold:   141        SH:  0    Dex: 21    Spells: 8/13 levels left

rFire    . . .     SeeInvis +   t - +7 flail of Moral Flaws {vamp, rElec Stlth+} (curse)
rCold    + . .     Gourm    .   (shield restricted)
rNeg     . . .     Faith    .   a - +0 robe
rPois    .         Spirit   .   (helmet restricted)
rElec    +         Reflect  .   (no cloak)
rCorr    .         Harm     .   (gloves unavailable)
MR       +....                  (boots unavailable)
Stlth    +++++.....             (no amulet)
Regen    0.2/turn               j - ring of protection from cold
MPRegen  0.2/turn               A - +4 ring of dexterity

@: very quick
A: unfitting armour, see invisible, herbivore 3, speed 3, slow metabolism 2
a: Curse Item, Scrying, Renounce Religion


You were on level 7 of the Dungeon.
You worshipped Ashenzari.
Ashenzari was aware of your devotion.
You were not hungry.

You visited 1 branch of the dungeon, and saw 8 of its levels.

You collected 141 gold pieces.

Inventory:

Hand Weapons
 f - a +0 short sword
 i - a +2 dagger of draining
 t - the cursed +7 flail of Moral Flaws (weapon) {vamp, rElec Stlth+}
   (You found it on level 4 of the Dungeon)

   It inflicts no extra harm, but heals its wielder when it wounds a living foe.
   It insulates you from electricity.
   It makes you more stealthy.
   It has a curse placed upon it.
Armour
 a - a +0 robe (worn)
Jewellery
 j - a ring of protection from cold (left hand)
 m - an uncursed ring of flight
 A - a +4 ring of dexterity (right hand)
Wands
 g - a wand of scattershot (0/9)
 z - a wand of acid (1/15)
Scrolls
 d - a scroll of identify
 e - a scroll of remove curse
 h - a scroll of teleportation {unknown}
 k - 4 scrolls of enchant weapon {unknown}
 l - a scroll of vulnerability {unknown}
 o - 4 scrolls of magic mapping {unknown}
 v - a scroll of fog {unknown}
 y - 3 scrolls of fear {unknown}
 B - a scroll of enchant armour {unknown}
Potions
 p - a potion of agility
 q - a potion of cancellation {unknown}
 r - a potion of mutation {unknown}
 s - a potion of might
 u - 2 potions of resistance
 x - a potion of curing {unknown}
Books
 b - a book of Flames

   Spells                             Type                      Level
   a - Flame Tongue                   Conjuration/Fire             1
   b - Throw Flame                    Conjuration/Fire             2
   c - Conjure Flame                  Conjuration/Fire             3
   d - Inner Flame                    Hexes/Fire                   3
   e - Sticky Flame                   Conjuration/Fire             4
   f - Fireball                       Conjuration/Fire             5
 n - a book of Air

   Spells                             Type                      Level
   a - Shock                          Conjuration/Air              1
   b - Swiftness                      Charms/Air                   2
   c - Static Discharge               Conjuration/Air              3
   d - Airstrike                      Air                          4
   e - Lightning Bolt                 Conjuration/Air              5
Comestibles
 c - 3 bread rations
 w - 2 royal jellies


   Skills:
 + Level 2.3 Fighting
 - Level 5.0 Short Blades
 * Level 3.7 Maces & Flails
 + Level 5.8 Dodging
 + Level 7.2 Stealth
 - Level 3.3 Spellcasting
 - Level 0.6 Conjurations
 - Level 2.4 Fire Magic


You had 8 spell levels left.
You knew the following spells:

 Your Spells              Type           Power        Failure   Level  Hunger
a - Flame Tongue          Conj/Fire      #....        9%          1    None
b - Sticky Flame          Conj/Fire      #.......     63%         4    ####...


Dungeon Overview and Level Annotations

Branches:
Dungeon (8/15)             Temple (0/1) D:7
   Lair: D:8-11

Altars:
Ashenzari
Dithmenos
Qazlal
Vehumet

Shops:
D:7 (

Annotations:
D:8 Grum


Innate Abilities, Weirdness & Mutations

You are very small and have problems with some larger weapons.
You are too small for most types of armour.
You have supernaturally acute eyesight. (SInv)
You are a herbivore.
You cover ground extremely quickly.
You need consume almost no food.


Message History

B - a scroll labeled BULIL FIMEDWUN
Found an uncursed chain mail.
Found 11 gold pieces.
Found an escape hatch in the floor.
Unknown command.
You see here an uncursed chain mail.
Found a tapered silver wand.
A troll comes into view.
Found 11 gold pieces.
Unknown command.
Unknown command.
Unknown command.
The helpless troll fails to defend itself.
You sock the troll!
The troll is moderately wounded.
The troll bites you! The troll claws you!
* * * LOW HITPOINT WARNING * * *
The troll completely misses you. The troll closely misses you.
The troll claws you!
You die...

....###
#.....##.....#..†).
....##
#..[..##.######.###
#...###........#...).#
#.......##..##...#####
....##.######.###..## .
##.### #....#..# ##
#/...# ###.....#####.
.##....######..##.#.....
........@T.........."#.##
...#.#########..$.......
..... ....##..... ..###
#..###..#... $ ..# #Z
#.y. >.. l .... ##.y.


You could see a troll.

Vanquished Creatures
  Psyche (D:8)
  A water moccasin (D:6)
  An ice beast (D:7)
  An ogre (D:4)
  2 wolves (D:8)
  2 bullfrogs (D:6)
  A scorpion (D:5)
  A howler monkey (D:8)
  A jelly (D:7)
  A hound (D:5)
  Ijyb (D:3)
  A worker ant (D:7)
  3 hound skeletons
  3 gnolls (D:7)
  A leopard gecko (D:5)
  An orc (D:6)
  A goblin (D:3)
  A hobgoblin (D:3)
  A jackal (D:4)
  2 quokkas
  2 bats (D:3)
  A frilled lizard (D:3)
  A kobold (D:3)
  A quokka skeleton (D:4)
32 creatures vanquished.

Notes
Turn   | Place    | Note
-------+----------+-------------------------------------------
     0 | D:1      | 4thArraOfDagon the Spriggan Fire Elementalist began the quest for the Orb.
     0 | D:1      | Reached XP level 1. HP: 9/9 MP: 5/5
   125 | D:3      | Noticed a hippogriff
   235 | D:4      | Reached skill level 1 in Short Blades
   235 | D:4      | Reached XP level 2. HP: 11/13 MP: 0/7
   318 | D:4      | Noticed an ogre
   377 | D:4      | Killed an ogre
   377 | D:4      | Reached XP level 3. HP: 16/16 MP: 2/8
   377 | D:4      | Reached XP level 4. HP: 21/21 MP: 2/9
   404 | D:4      | Learned a level 4 spell: Sticky Flame
   434 | D:4      | Found a shattered altar of Ashenzari.
   435 | D:4      | Found a stormy altar of Qazlal.
   441 | D:4      | Became a worshipper of Ashenzari the Shackled
   495 | D:3      | Noticed Ijyb
   502 | D:3      | :(
   580 | D:3      | Killed Ijyb
   580 | D:3      | Reached XP level 5. HP: 2/24 MP: 2/10
   587 | D:3      | Found a shadowy altar of Dithmenos.
   632 | D:5      | Entered Level 5 of the Dungeon
   763 | D:5      | Found a radiant altar of Vehumet.
   828 | D:4      | Got the flail of Moral Flaws {vamp, rElec Stlth+}
   870 | D:5      | Reached skill level 5 in Short Blades
   870 | D:5      | Reached skill level 4 in Stealth
   902 | D:5      | Identified the +7 flail of Moral Flaws {vamp, rElec Stlth+} (You found it on level 4 of the Dungeon)
  1039 | D:6      | Reached skill level 1 in Maces & Flails
  1039 | D:6      | Reached XP level 6. HP: 24/28 MP: 11/11
  1057 | D:6      | Noticed a water moccasin
  1095 | D:6      | Killed a water moccasin
  1095 | D:6      | Reached skill level 5 in Stealth
  1188 | D:6      | HP: 1/29 [crimson imp (3)]
  1231 | D:7      | Found Kacosmu's Antique Weapon Emporium.
  1233 | D:7      | Noticed an ice beast
  1245 | D:7      | Reached * piety under Ashenzari
  1295 | D:7      | Killed an ice beast
  1295 | D:7      | Reached XP level 7. HP: 8/32 MP: 1/12
  1328 | D:7      | Found a staircase to the Ecumenical Temple.
  1380 | D:7      | Reached skill level 1 in Fighting
  1404 | D:7      | Noticed a wyvern
  1417 | D:8      | Noticed Psyche
  1417 | D:8      | Noticed a two-headed ogre
  1433 | D:8      | Reached skill level 6 in Stealth
  1444 | D:8      | Killed Psyche
  1444 | D:8      | Reached skill level 5 in Dodging
  1444 | D:8      | Reached XP level 8. HP: 23/39 MP: 10/13
  1448 | D:8      | Noticed Grum
  1482 | D:7      | Reached skill level 7 in Stealth
  1534 | D:7      | Noticed a troll
  1538 | D:7      | Slain by a troll

Vault maps used:
D:1:      ncdulo_wetmaze, serial_bayou_crossing
D:2:      kennysheep_big_flooded_room, uniq_natasha, uniq_jessica
D:3:      first_bread, grunt_dithmenos_smoke, uniq_ijyb
D:4:      gammafunk_temple_overflow_pools
D:5:      kennysheep_mini_moat, hangedman_abyss_or_decor_slice
D:6:      dk_rats_in_the_wall
D:7:      lemuel_coloured_pillars_altar, minmay_temple_entry_hall, serial_shops,
          shop, nicolae_shop_crystal, kennysheep_mini
D:8:      uniq_grum, uniq_pikel, uniq_psyche

Skill      XL: |  1  2  3  4  5  6  7  8 |
---------------+-------------------------+-----
Short Blades   | 1 4 5 |  5.0
Spellcasting   | 3 |  3.3
Stealth        | 4 5 6 7 |  7.2
Maces & Flails | 1 2 3 |  3.7
Dodging        | 4 5 |  5.8
Fighting       | 2 |  2.3
Conjurations   | |  0.6
Fire Magic     | |  2.4

Action                   |  1- 3 |  4- 6 |  7- 9 || total
-------------------------+-------+-------+-------++-------
Melee: Short sword       |     7 |    36 |       ||    43
       Flail             |       |    21 |    14 ||    35
       Dagger            |       |     2 |       ||     2
 Cast: Flame Tongue      |    13 |    26 |    10 ||    49
Invok: Curse Item        |       |     1 |       ||     1
Evoke: Wand              |       |     2 |     7 ||     9
  Use: Potion            |       |     4 |       ||     4
       Scroll            |       |     2 |     2 ||     4
 Stab: Sleeping          |       |     5 |     3 ||     8
  Eat: Royal jelly       |       |     1 |       ||     1
       Fruit             |       |       |     4 ||     4
Armor: Robe              |     1 |     4 |       ||     5
Dodge: Dodged            |    18 |    34 |    22 ||    74
